 Dungeon Crawl Stone Soup version 0.26.1-11-gd32895ea62 (webtiles) character file.

Game seed: 7661099209206473673

128 Zeld the Twirler (level 5, -2/34 HPs)
             Began as an Octopode Gladiator on May 23, 2021.
             Killed from afar by an electric eel (11 damage)
             ... with a bolt of electricity
             ... on level 3 of the Dungeon.
             The game lasted 00:03:39 (4152 turns).

Zeld the Twirler (Octopode Gladiator)               Turns: 4152, Time: 00:03:41

Health: -2/34      AC:  1    Str: 15    XL:     5   Next: 12%
Magic:  5/5        EV: 14    Int: 10    God:
Gold:   96         SH:  0    Dex: 13    Spells: 4/4 levels left

rFire    . . .     SeeInvis .   a - +0 quarterstaff
rCold    . . .     Faith    .   (shield currently unavailable)
rNeg     . . .     Spirit   .   b - +0 hat
rPois    +         Reflect  .   (no amulet)
rElec    .         Harm     .   d - ring of poison resistance
rCorr    .         Rampage  .   (no ring)
Will     .....                  (no ring)
Stlth    ++........             (no ring)
HPRegen  0.11/turn              (no ring)
MPRegen  0.09/turn              (no ring)
                                (no ring)
                                (no ring)

@: no status effects
A: almost no armour, stealthy swim, amphibious, 8 rings, constrict 8, camouflage
1, gelatinous body 1
a: no special abilities


You were on level 3 of the Dungeon.
You visited 1 branch of the dungeon, and saw 3 of its levels.

You collected 96 gold pieces.

Inventory:

Hand Weapons
 a - a +0 quarterstaff (weapon)
Missiles
 c - 3 throwing nets (quivered)
 j - 7 boomerangs
Armour
 b - a +0 hat (worn)
Jewellery
 d - a ring of poison resistance (left tentacle)
 r - an uncursed ring of resist corrosion {unknown}
 t - an uncursed ring of fire {unknown}
Wands
 u - a wand of enslavement (6)
 x - a wand of flame (22)
Scrolls
 f - 2 scrolls of magic mapping {unknown}
 g - 4 scrolls of identify {unknown}
 h - 3 scrolls of teleportation {unknown}
 k - a scroll of noise {unknown}
 m - 2 scrolls of remove curse {unknown}
 n - 3 scrolls of amnesia {unknown}
 q - a scroll of fog {unknown}
 s - a scroll of blinking {unknown}
 v - a scroll of immolation {unknown}
Potions
 e - 2 potions of heal wounds {unknown}
 i - a potion of degeneration {unknown}
 l - a potion of curing {unknown}
 o - a potion of attraction {unknown}
 p - a potion of brilliance {unknown}
 w - a potion of berserk rage {unknown}


   Skills:
 - Level 2.0 Fighting
 * Level 5.6 Staves
 - Level 2.0 Throwing
 - Level 3.0 Dodging


You had 4 spell levels left.
You didn't know any spells.
Your spell library was empty.

Dungeon Overview and Level Annotations

Branches:
Dungeon (3/15)

Altars:
Dithmenos
Hepliaklqana
Makhleb

Annotations:
D:3 1 transporter


Innate Abilities, Weirdness & Mutations

You cannot wear most types of armour.
You are very stealthy in the water. (Stealth+)
You are amphibious.
You can wear up to eight rings at the same time.
You can use your tentacles to constrict eight enemies at once.
Your skin changes colour to match your surroundings (Stealth+).
Your rubbery body absorbs attacks. (AC +1, EV +1)


Message History

There is a transporter here.
You enter the transporter and appear at another place.
x - a wand of flame (22)
You open the door.
The electric eel shoots out a bolt of lightning at you!
The bolt of electricity hits you!
Aiming: Enslavement
Press: ? - help, Shift-Dir - straight line, f - electric eel
Aim: an electric eel (chance to affect: 54%)
The electric eel resists with significant effort.
The electric eel shoots out a bolt of lightning at you!
The bolt of electricity hits you!
* * * LOW HITPOINT WARNING * * *
Aiming: Enslavement
Press: ? - help, Shift-Dir - straight line, f/p - electric eel
Aim: an electric eel (chance to affect: 54%)
The electric eel resists with significant effort.
The electric eel shoots out a bolt of lightning at you!
The bolt of electricity hits you!
You die...

.............#≈...≈#.............
.............#≈...≈#..........##.
####...#.....#≈...≈#............#
.....<.+.....#≈.♣.≈#............#
..#....+###..#≈...≈#....(.......#
#............#;...≈#............#
+.........[..#;...;#............#
#............###'###.............
........###..#P.@.P#.............
.............#8.©.8#.............
#............#######.##..>.......
##...#####.#....©..[.##..........
.........#.####...######...###...
.#######.#.# ##.## #...# #... .#
#...#.#.# #.# #...# #... .#
#.#.#.#.# #.#######...# #... .#
#.#.#.#.# #.......+...# ####


You could see 3 electric eels.

Vanquished Creatures
  Terence (D:1)
  5 adders
  2 oozes
  2 worms
  2 ball pythons (D:1)
  5 bats
  2 giant cockroaches
  7 goblins
  3 hobgoblins (D:1)
  7 kobolds
  4 frilled lizards
  7 rats
  4 bushes (D:1)
51 creatures vanquished.

Vanquished Creatures (others)
  4 plants (D:1)
4 creatures vanquished.

Grand Total: 55 creatures vanquished

Notes
Turn   | Place    | Note
-------+----------+-------------------------------------------
     0 | D:1      | Zeld the Octopode Gladiator began the quest for the Orb.
     0 | D:1      | Reached XP level 1. HP: 14/14 MP: 1/1
   154 | D:1      | Reached XP level 2. HP: 19/19 MP: 2/2
   727 | D:1      | Reached skill level 4 in Staves
   909 | D:1      | Reached XP level 3. HP: 23/24 MP: 3/3
  2253 | D:2      | Found a burning altar of Makhleb.
  2256 | D:2      | Noticed Terence
  2309 | D:2      | Reached XP level 4. HP: 13/29 MP: 4/4
  2442 | D:1      | Killed Terence
  2443 | D:1      | Reached skill level 5 in Staves
  3219 | D:3      | Found a hazy altar of Hepliaklqana.
  3219 | D:3      | Found a shadowy altar of Dithmenos.
  3221 | D:3      | Noticed a shadow
  3526 | D:3      | Found a transporter.
  3538 | D:3      | Found a transporter.
  3744 | D:3      | Reached XP level 5. HP: 30/34 MP: 5/5
  4152 | D:3      | Killed from afar by an electric eel

Illustrated notes

Levels and vault maps discovered:
D:1:      scummos_arrival_simple_crosswalls, layout_basic, serial_forest,
          infiniplex_forest_end_1, infiniplex_forest_lined_2,
          infiniplex_forest_straight_3, infiniplex_forest_end_3,
          infiniplex_forest_zigzag_1, infiniplex_forest_lined_room_,
          infiniplex_forest_clump_double, infiniplex_forest_straight_2,
          infiniplex_forest_end_3, serial_bayou_lake_a
D:2:      layout_basic, old_standard_altar, kennysheep_generic_room_4,
          uniq_terence
D:3:      gammafunk_steamed_eel, layout_basic,
          riverfiend_overflow_shadow_ancestor, minivault_19

Skill      XL: |  1  2  3  4 |
---------------+-------------+-----
Staves         | 4 5 |  5.6
Fighting       | |  2.0
Throwing       | |  2.0
Dodging        | |  3.0

Action                   |  1- 3 |  4- 6 || total
-------------------------+-------+-------++-------
Melee: Quarterstaff      |   284 |    28 ||   312
       Tentacles         |    79 |    10 ||    89
       Constrict         |    17 |    10 ||    27
Evoke: Wand              |       |     2 ||     2
 Stab: Sleeping          |     7 |     2 ||     9
Armor: Skin              |     2 |     2 ||     4
Dodge: Dodged            |    33 |    14 ||    47
